 Dungeon Sprint DCSS version 0.23-a0-307-gc3b755d (webtiles) character file.

275 Flooderbenga the Spear-Bearer (level 6, -13/47 HPs)
             Began as an Octopode Gladiator on Oct 10, 2018.
             Was an Initiate of Wu Jian.
             Mangled by a slime creature (17 damage)
             ... in the Dungeon (Sprint I: "Red Sonja").
             The game lasted 00:06:33 (264 turns).

Flooderbenga the Spear-Bearer (Octopode Gladiator)   Turns: 264, Time: 00:06:34

Health: -13/47     AC:  1    Str: 13    XL:     6   Next: 24%
Magic:  6/6        EV: 18    Int: 10    God:    Wu Jian [......]
Gold:   309        SH:  0    Dex: 16    Spells: 5/5 levels left

rFire    . . .     SeeInvis .   a - +0 trident
rCold    . . .     Gourm    .   (no shield)
rNeg     . . .     Faith    .   b - +0 hat
rPois    .         Spirit   .   (no amulet)
rElec    .         Reflect  .   (no ring)
rCorr    .         Harm     .   (no ring)
MR       .....     NoTele   +   (no ring)
Stlth    ++........             (no ring)
HPRegen  0.15/turn              (no ring)
MPRegen  0.10/turn              (no ring)
                                (no ring)
                                (no ring)

@: no status effects
A: almost no armour, stealthy swim, amphibious, 8 rings, constrict 8, camouflage
1, gelatinous body 1
a: Renounce Religion


You were in the Dungeon.
You worshipped Wu Jian.
Wu Jian was noncommittal.
You were not hungry.

You visited 1 branch You collected 309 gold pieces.

Inventory:

Hand Weapons
 a - a +0 trident (weapon)
Missiles
 c - 2 throwing nets (quivered)
Armour
 b - a +0 hat (worn)
Wands
 e - a wand of random effects (18)
Scrolls
 j - a scroll of blinking {@r4}
Potions
 g - a potion of haste {@q3}
 h - 2 potions of magic
Comestibles
 d - a ration


   Skills:
 + Level 6.5 Fighting
 * Level 9.4 Polearms
 - Level 2.0 Throwing
 + Level 7.0 Dodging


You had 5 spell levels left.
You didn't know any spells.
Your spell library was empty.

Dungeon Overview and Level Annotations

Branches:
Dungeon (1/1)

Altars:
Makhleb
Sif Muna
Vehumet
Wu Jian
Xom
Jiyva
Lugonu


Innate Abilities, Weirdness & Mutations

You cannot wear most types of armour.
You are very stealthy in the water. (Stealth+)
You are amphibious.
You can wear up to eight rings at the same time.
You can use your tentacles to constrict eight enemies at once.
Your skin changes colour to match your surroundings (Stealth+).
Your rubbery body absorbs attacks. (AC +1, EV +1)


Message History

You take 6 damage, and have 36/47 hp.
You barely miss the slime creature.
You squeeze the slime creature, but do no damage.
You hit the slime creature. The slime creature hits you!
You take 9 damage, and have 27/47 hp.
You hit the slime creature but do no damage.
The slime creature hits you!!
* * * LOW HITPOINT WARNING * * *
You take 21 damage, and have 6/47 hp.
MASSIVE DAMAGE!!
Okay, then.
You feel better. The slime creature closely misses you.
You regained 8 hp, and now have 14/47 hp.
You puncture the slime creature! The slime creature hits you!
* * * LOW HITPOINT WARNING * * *
You take 10 damage, and have 4/47 hp.
MASSIVE DAMAGE!!
You hit the slime creature. The slime creature hits you.
* * * LOW HITPOINT WARNING * * *
You take 1 damage, and have 3/47 hp.
You hit the slime creature. The slime creature hits you!
You die...

###################
#<.#..)..#..'..#__#
#..'[.#..').#..@J.+
#..#####'#####'#__#
#..# #..#...#.####
#..# ####..##[#
#..# ##'#_.+ #⌠⌠#
+..._# #### #_.#+#
##+#


You could see a slime creature.

Vanquished Creatures
  Sigmund (D)
  An ogre (D)
  Ijyb (D)
3 creatures vanquished.

Vanquished Creatures (others)
  A jelly (D)
1 creature vanquished.

Grand Total: 4 creatures vanquished

Notes
Turn   | Place    | Note
-------+----------+-------------------------------------------
     0 | D        | Flooderbenga the Octopode Gladiator began the quest for the
                  | Orb.
     0 | D        | Reached XP level 1. HP: 14/14 MP: 1/1
     1 | D        | Noticed Ijyb
     8 | D        | Killed Ijyb
     8 | D        | Reached skill level 5 in Polearms
     8 | D        | Reached XP level 2. HP: 12/21 MP: 2/2
     8 | D        | Reached XP level 3. HP: 15/26 MP: 3/3
   142 | D        | Noticed an ogre
   145 | D        | Killed an ogre
   145 | D        | Reached skill level 5 in Fighting
   145 | D        | Reached skill level 7 in Polearms
   145 | D        | Reached skill level 5 in Dodging
   145 | D        | Reached XP level 4. HP: 35/35 MP: 4/4
   175 | D        | Noticed Sigmund
   189 | D        | Killed Sigmund
   189 | D        | Reached skill level 9 in Polearms
   189 | D        | Reached XP level 5. HP: 42/42 MP: 5/5
   189 | D        | Reached XP level 6. HP: 47/47 MP: 6/6
   205 | D        | Found an ornate altar of the Wu Jian Council.
   205 | D        | Found a deep blue altar of Sif Muna.
   222 | D        | Found a radiant altar of Vehumet.
   245 | D        | Became a worshipper of the Wu Jian Council
   249 | D        | Found a viscous altar of Jiyva.
   249 | D        | Found a corrupted altar of Lugonu.
   249 | D        | Noticed a slime creature
   250 | D        | Found a burning altar of Makhleb.
   250 | D        | Found a shimmering altar of Xom.
   264 | D        | Mangled by a slime creature

Vault maps used:
D:        dungeon_sprint_1

Skill      XL: |  1  2  3  4 |
---------------+-------------+-----
Fighting       | 3 5 6 |  6.5
Polearms       | 5 7 9 |  9.4
Dodging        | 4 5 7 |  7.0
Throwing       | |  2.0

Action                   |  1- 3 |  4- 6 || total
-------------------------+-------+-------++-------
Melee: Trident           |     9 |    23 ||    32
       Tentacles         |     1 |     2 ||     3
       Constrict         |     1 |       ||     1
Throw: Throwing net      |       |     2 ||     2
Evoke: Wand              |       |     2 ||     2
  Use: Potion            |     1 |     2 ||     3
 Stab: Sleeping          |     1 |     1 ||     2
Dodge: Dodged            |     2 |     4 ||     6

Table legend:
 A = Non-vault XP
 B = Vault XP
 C = Vault XP percentage of total XP
 D = Non-vault monster count
 E = Vault monster count
 F = Vault count percentage of total count
                 A         B        C        D         E       F
            +---------+---------+-------+---------+---------+-------
      Total |       0 |     393 | 100.0 |       0 |       3 | 100.0
            +---------+---------+-------+---------+---------+-------
          D |       0 |     393 | 100.0 |       0 |       3 | 100.0
            +---------+---------+-------+---------+---------+-------
